 Dungeon Crawl Stone Soup version 0.26-a0-784-g51bffae0b1 (webtiles) character file.

Game seed: 1248590595772904311

1945 EnegeticOcto the Cleaver (level 9, -18/62 HPs)
             Began as an Octopode Delver on Nov 10, 2020.
             Was an Initiate of Makhleb.
             Demolished by a two-headed ogre
             ... wielding a +0 dire flail
              (25 damage)
             ... on level 7 of the Dungeon.
             The game lasted 00:11:04 (7137 turns).

EnegeticOcto the Cleaver (Octopode Delver)          Turns: 7137, Time: 00:11:04

Health: -18/62     AC:  1    Str: 11    XL:     9   Next: 18%
Magic:  3/3        EV: 16    Int: 13    God:    Makhleb [......]
Gold:   351        SH:  0    Dex: 16    Spells: 8/8 levels left

rFire    . . .     SeeInvis .   J - +8 Wrath of Trog {antimagic, *Rage}
rCold    . . .     Faith    .   (shield currently unavailable)
rNeg     . . .     Spirit   .   (helmet restricted)
rPois    .         Reflect  .   (no amulet)
rElec    .         Harm     .   (no ring)
rCorr    .         Rampage  .   (no ring)
MR       .....     Rnd*Rage +   (no ring)
Stlth    +++++.....             (no ring)
HPRegen  0.20/turn              (no ring)
MPRegen  0.08/turn              (no ring)
                                (no ring)
                                (no ring)

@: berserk cooldown, slowed, very slow
A: almost no armour, stealthy swim, amphibious, 8 rings, constrict 8, camouflage
1, gelatinous body 1
a: Renounce Religion


You were on level 7 of the Dungeon.
You worshipped Makhleb.
Makhleb was noncommittal.
You visited 2 branches of the dungeon, and saw 8 of its levels.

You collected 351 gold pieces.

Inventory:

Hand Weapons
 a - a +0 short sword
 I - a +1 vampiric hand axe
   (You took it off an orc on level 5 of the Dungeon)
 J - the +8 Wrath of Trog (weapon) {antimagic, *Rage}
   (You found it on level 6 of the Dungeon)

   It reduces the magical energy of the wielder, and disrupts the spells and
   magical abilities of those hit.
   Natural abilities and divine invocations are not affected.
   It may make you go berserk in combat.
Missiles
 g - 223 stones
 q - 10 poisoned darts (quivered)
 z - 21 boomerangs
Jewellery
 i - an uncursed ring of resist corrosion {unknown}
   (You found it on level 4 of the Dungeon)
 p - an uncursed amulet of guardian spirit {unknown}
   (You found it on level 1 of the Dungeon)
 r - an uncursed ring of protection from magic {unknown}
   (You found it on level 1 of the Dungeon)
 w - an uncursed ring of stealth {unknown}
   (You found it on level 2 of the Dungeon)
 B - a +4 ring of slaying {unknown}
   (You found it on level 4 of the Dungeon)
 H - an uncursed ring of wizardry {unknown}
   (You found it on level 5 of the Dungeon)
 K - an uncursed amulet of guardian spirit {unknown}
   (You found it on level 6 of the Dungeon)
Wands
 f - a wand of digging (3) {@v3}
 v - a wand of polymorph (17)
   (You took it off a centaur on level 6 of the Dungeon)
 E - a wand of acid (5) {@v1}
   (You found it on level 5 of the Dungeon)
Scrolls
 b - a scroll of fog {!r}
 c - 2 scrolls of magic mapping {@r5 !r}
 d - a scroll of fear {!r}
 j - 2 scrolls of teleportation {@r3 !r}
 l - a scroll of blinking {@r4}
 s - a scroll of enchant weapon
 t - a scroll of remove curse {unknown}
 y - a scroll of noise {unknown}
 C - a scroll of enchant armour {unknown}
 F - a scroll of torment
 L - a scroll of vulnerability {unknown}
Potions
 e - a potion of haste {@q4 !q}
 h - 3 potions of magic
 k - 5 potions of curing {@q1 !q}
 m - 2 potions of attraction
 n - 4 potions of heal wounds {unknown}
 o - a potion of might {@q3 !q}
 u - 2 potions of brilliance {unknown}
 x - 3 potions of invisibility {unknown}
 A - a potion of ambrosia
 D - a potion of flight {unknown}
 G - 4 potions of mutation {unknown}


   Skills:
 - Level 6.0 Fighting
 - Level 2.0 Short Blades
 + Level 8.1 Axes
 - Level 4.0 Throwing
 - Level 5.0 Dodging
 - Level 7.0 Stealth


You had 8 spell levels left.
You didn't know any spells.
Your spell library contained the following spells:

 Spells                   Type           Power        Failure   Level
 Summon Small Mammal      Summ           #...         30%         1
 Call Imp                 Summ           #.......     43%         2
 Call Canine Familiar     Summ           #.......     67%         3
 Summon Guardian Golem    Hex/Summ       #.......     67%         3
 Summon Ice Beast         Ice/Summ       #.......     97%         4
 Summon Lightning Spire   Summ/Air       #.......     97%         4


Dungeon Overview and Level Annotations

Branches:
Dungeon (7/15)             Temple (1/1) D:6

Altars:
Ashenzari
Dithmenos
Elyvilon
Hepliaklqana
Kikubaaqudgha
Makhleb
Nemelex Xobeh
Okawaru
Qazlal
Sif Muna
Trog
Vehumet
Xom
Yredelemnul
Zin
The Shining One

Shops:
D:5 [}


Innate Abilities, Weirdness & Mutations

You cannot wear most types of armour.
You are very stealthy in the water. (Stealth+)
You are amphibious.
You can wear up to eight rings at the same time.
You can use your tentacles to constrict eight enemies at once.
Your skin changes colour to match your surroundings (Stealth+).
Your rubbery body absorbs attacks. (AC +1, EV +1)


Message History

No target in view!
No target in view!
No target in view!
No target in view!
No target in view!
No target in view!
No target in view!
No target in view!
No target in view!
You start waiting.
You feel a strong urge to attack something.
You start waiting.
You are no longer berserk.
You are exhausted.
You feel yourself slow down.
You start waiting.
You feel yourself speed up.
Items here: )) [[ †.
An orc is nearby!
The orc misses you.
You slash the orc!
You kill the orc!
Makhleb accepts your kill.
No target in view!
No target in view!
You recover from your berserk rage.
g - 223 stones (gained 22)
A jelly comes into view.
Found 13 poisoned darts.
A jelly is nearby!
Found 9 gold pieces.
An orc comes into view.
The jelly quivers.
The jelly jiggles.
The jelly closely misses you.
A red film seems to cover your vision as you go berserk!
You feel yourself moving faster!
You feel mighty!
You slice the jelly!!
You kill the jelly!
Makhleb accepts your kill.
The orc shouts!
An orc comes into view. It is wielding a +0 mace.
The orc shouts!
You feel a strong urge to attack something.
An orc comes into view. It is wielding a +0 mace.
The orc shouts!
You hear two shouts!
You slash the orc!
You kill the orc!
Makhleb accepts your kill.
A two-headed ogre comes into view.
It is wielding a +0 dire flail and a +0 giant spiked club.
You feel a strong urge to attack something.
The orc barely misses you.
You closely miss the orc. You grab the orc. You squeeze the orc.
The orc is heavily wounded.
You constrict the orc, but do no damage.
The orc barely misses you.
You slice the orc!!
You kill the orc!
Makhleb accepts your kill.
You closely miss the orc. The orc misses you.
You barely miss the orc. You grab the orc. You squeeze the orc!
You kill the orc!
Makhleb accepts your kill.
You slash the two-headed ogre! You squeeze the two-headed ogre!
The two-headed ogre is heavily wounded.
You are no longer berserk.
You are exhausted.
You feel yourself slow down.
You slash the two-headed ogre! You squeeze the two-headed ogre.
The two-headed ogre is severely wounded.
The two-headed ogre barely misses you.
The two-headed ogre hits you with a +0 giant spiked club!
The two-headed ogre hits you with a +0 dire flail.
The two-headed ogre hits you with a +0 giant spiked club!
You are too injured to fight recklessly!
You are too injured to fight recklessly!
You are too injured to fight recklessly!
You are too injured to fight recklessly!
You are too injured to fight recklessly!
You are too injured to fight recklessly!
You are too injured to fight recklessly!
You are too injured to fight recklessly!
You are too injured to fight recklessly!
You are too injured to fight recklessly!
You are too injured to fight recklessly!
You are too injured to fight recklessly!
You barely miss the two-headed ogre. You squeeze the two-headed ogre.
The two-headed ogre is severely wounded.
The two-headed ogre hits you with a +0 dire flail.
The two-headed ogre hits you with a +0 giant spiked club!
You hit the two-headed ogre.
The two-headed ogre is severely wounded.
The two-headed ogre hits you with a +0 dire flail!
The two-headed ogre hits you with a +0 giant spiked club!
* * * LOW HITPOINT WARNING * * *
The two-headed ogre misses you.
The two-headed ogre completely misses you.
Really read
d - 2 scrolls of fear {!r}?
As you read the scroll of fear {!r}, it crumbles to dust.
You assume a fearsome visage.
The two-headed ogre easily resists.
The two-headed ogre hits you with a +0 dire flail!!
You die...

>......... ##
#...... ..
#.#.### #.
#.#)# #. #.#.#
#. #.#<# #.##
#.#)# #)O#
#†#.# #.####.@#
#.#.# #.......#
#...# ######..#
#.### #..#
########.# #..#
#........# #..#
#......#.#
#..###......#.#
#.............#
##.###......###


You could see a two-headed ogre.

Vanquished Creatures
  Eustachio (D:6)
  A water moccasin (D:6)
  A black bear (D:7)
  2 orc warriors (D:6)
  An ogre (D:6)
  2 centaurs (D:6)
  A bullfrog (D:6)
  A jelly (D:7)
  A bullfrog skeleton (D:6)
  A centaur zombie (D:5)
  6 orc priests
  2 hounds
  9 orc wizards
  An iguana (D:6)
  Natasha (thrice) (D:4)
  6 worker ants
  A killer bee zombie (D:7)
  A hound skeleton (D:5)
  A gnoll (D:1)
  6 adders
  3 white imps
  4 oozes
  An ufetubus (D:5)
  An adder zombie (D:5)
  4 worms
  3 dart slugs
  5 leopard geckos
  19 orcs
  5 giant cockroaches
  2 hobgoblins (D:3)
  4 jackals (D:3)
  10 kobolds
  A quokka (D:2)
  2 ball pythons (D:3)
  8 bats
  10 frilled lizards
  8 goblins
  A quokka skeleton (D:7)
  A quokka zombie (D:7)
  7 rats
147 creatures vanquished.

Notes
Turn   | Place    | Note
-------+----------+-------------------------------------------
     0 | D:5      | EnegeticOcto the Octopode Delver began the quest for the
                  | Orb.
     0 | D:5      | Reached XP level 1. HP: 16/16 MP: 1/1
     0 | D:5      | Found Kacilene's Armour Shop.
    16 | D:5      | Found a hazy altar of Hepliaklqana.
    25 | D:5      | Reached XP level 2. HP: 22/22 MP: 2/2
   183 | D:5      | Found Sumi's Gadget Shoppe.
   259 | D:2      | Reached skill level 4 in Fighting
   319 | D:1      | Reached XP level 3. HP: 19/27 MP: 3/3
  1154 | D:2      | Reached XP level 4. HP: 32/34 MP: 4/4
  1399 | D:2      | Reached skill level 1 in Throwing
  1901 | D:2      | Reached skill level 5 in Fighting
  2060 | D:2      | Reached skill level 2 in Throwing
  2230 | D:3      | Reached XP level 5. HP: 39/39 MP: 5/5
  2409 | D:3      | Found a broken altar of Ashenzari.
  2545 | D:3      | Found a shimmering altar of Xom.
  3007 | D:3      | Reached skill level 3 in Throwing
  3155 | D:4      | Noticed Natasha
  3160 | D:4      | Killed Natasha
  3260 | D:4      | Reached XP level 6. HP: 32/45 MP: 6/6
  3392 | D:4      | Noticed Natasha
  3401 | D:4      | Killed Natasha
  3401 | D:4      | Reached skill level 4 in Throwing
  3585 | D:4      | Found a glowing golden altar of the Shining One.
  3656 | D:4      | Reached skill level 7 in Stealth
  3757 | D:4      | Noticed Natasha
  3762 | D:4      | Killed Natasha
  3990 | D:5      | Reached skill level 3 in Dodging
  4024 | D:5      | Found a shadowy altar of Dithmenos.
  4057 | D:5      | Reached XP level 7. HP: 39/50 MP: 7/7
  4580 | D:5      | Found a glowing golden altar of the Shining One.
  4580 | D:5      | Found a bloodstained altar of Trog.
  4705 | D:5      | Reached skill level 6 in Fighting
  4709 | D:5      | Reached skill level 4 in Dodging
  5202 | D:6      | Reached skill level 1 in Axes
  5262 | D:6      | Noticed Eustachio
  5280 | D:6      | Killed Eustachio
  5280 | D:6      | Reached skill level 2 in Axes
  5280 | D:6      | Reached skill level 5 in Dodging
  5280 | D:6      | Reached XP level 8. HP: 57/57 MP: 8/8
  5355 | D:6      | Reached skill level 3 in Axes
  5594 | D:6      | Found the +8 Wrath of Trog {antimagic, *Rage}
  5614 | D:6      | Reached skill level 4 in Axes
  5622 | D:6      | Reached skill level 5 in Axes
  6190 | D:6      | Reached skill level 6 in Axes
  6231 | D:6      | Found a staircase to the Ecumenical Temple.
  6240 | Temple   | Entered the Ecumenical Temple
  6322 | Temple   | Became a worshipper of Makhleb the Destroyer
  6538 | D:6      | Reached skill level 7 in Axes
  6747 | D:7      | Reached XP level 9. HP: 56/62 MP: 3/9
  7069 | D:7      | Reached skill level 8 in Axes
  7127 | D:7      | Noticed a two-headed ogre
  7137 | D:7      | Demolished by a two-headed ogre

Illustrated notes

Levels and vault maps discovered:
D:1:      shiori_arrival_maze, layout_loops_cross,
          hangedman_abyss_or_decor_lesser_grid
D:2:      layout_loops_ring, minmay_randomly_rotated_circles
D:3:      layout_loops_ring, evilmike_ruin_ashenzari, brannock_xom_greatest_gift
D:4:      layout_rooms, enter_ossuary_1, small_statue_alley_b,
          nicolae_tso_swordbearing_angel, uniq_natasha
D:5:      layout_basic, lemuel_doored_altar, minitemple, serial_shops, shop,
          nicolae_shop_waterfront, grunt_ministairs_14,
          grunt_dithmenos_smoke_and_mirrors
D:6:      layout_basic, minmay_temple_entry_waves, uniq_eustachio
D:7:      layout_loops_ring
Temple:   jpeg_temple_clearing

Skill      XL: |  1  2  3  4  5  6  7  8  9 |
---------------+----------------------------+-----
Fighting       | 4 5 6 |  6.0
Throwing       | 2 3 4 |  4.0
Stealth        | 7 |  7.0
Dodging        | 3 5 |  5.0
Axes           | 2 7 8 |  8.1
Short Blades   | |  2.0

Action                   |  1- 3 |  4- 6 |  7- 9 || total
-------------------------+-------+-------+-------++-------
Melee: Short sword       |    50 |   134 |    38 ||   222
       Constrict         |     8 |    32 |    27 ||    67
       Tentacles         |     8 |    23 |    26 ||    57
       Hand axe          |       |       |    34 ||    34
       Battleaxe         |       |       |    54 ||    54
Throw: Dart              |     2 |    27 |    12 ||    41
Evoke: Wand              |       |       |     2 ||     2
  Use: Scroll            |       |     8 |     5 ||    13
       Potion            |       |     3 |       ||     3
 Stab: Sleeping          |    13 |    20 |    11 ||    44
       Distracted        |       |     1 |     2 ||     3
Armor: Skin              |     3 |    13 |     3 ||    19
Dodge: Dodged            |    17 |    68 |    87 ||   172

Table legend: (Time is in decaauts)
 A = Elapsed time spent in this place.
 B = Non-inter-level travel time spent in this place.
 C = Inter-level travel time spent in this place.
 D = Time resting spent in this place.
 E = Time spent auto-exploring this place.
 F = Levels seen in this place.
 G = Mean time per level.
                   A        B        C        D        E       F      G
               +--------+--------+--------+--------+--------+-----+--------+
         Total |   7258 |   7051 |    207 |    749 |   5086 |   8 |  907.2 |
       Dungeon |   7165 |   6982 |    183 |    749 |   5035 |   7 | 1023.6 |
        Temple |     92 |     68 |     24 |      0 |     51 |   1 |   92.0 |
               +--------+--------+--------+--------+--------+-----+--------+

Top non-repeatable levels by time:
     D:5: 1623 daAuts
     D:6: 1273 daAuts
     D:2: 1141 daAuts
     D:3: 937 daAuts
     D:4: 855 daAuts
     D:1: 825 daAuts
     D:7: 508 daAuts
  Temple: 92 daAuts
